 Dungeon Crawl Stone Soup version 0.17-a0-1447-g3d113ad (webtiles) character file.

301 pulse the Shield-Bearer (level 6, 0/58 HPs)
             Began as a Gargoyle Fighter on June 29, 2015.
             Was a Follower of Okawaru.
             Slain by a moth of wrath (5 damage)
             ... on level 4 of the Dungeon.
             The game lasted 00:08:52 (2821 turns).

pulse the Shield-Bearer (Gargoyle Fighter)          Turns: 2821, Time: 00:08:52

Health: 0/58       AC: 13    Str: 30    XL:     6   Next: 37%
Magic:  6/6        EV: 10    Int: 12    God:    Okawaru [*.....]
Gold:   180        SH: 11    Dex: 14    Spells: 0 memorised, 5 levels left

rFire  + . .     SeeInvis .     s - +2 whip (pain)
rCold  . . .     Clarity  .     z - +4 robe of Augmentation {Str+4 Int+4 Dex+4}
rNeg   + . .     SustAt   .     c - +0 shield
rPois  ∞         Gourm    .     p - +0 helmet
rElec  +         Spirit   .     d - +0 cloak
rCorr  .         Warding  .     (no gloves)
rMut   .         Stasis   .     (no boots)
MR     .....                    (no amulet)
Stlth  ..........               (no ring)
                                j - ring of protection from fire

@: berserking, very quick, not resistant to hostile enchantments, extremely
unstealthy
A: negative energy resistance 1, electricity resistance, unbreathing,
petrification resistance, rot immunity, AC +4
a: Heroism, Renounce Religion


You were on level 4 of the Dungeon.
You worshipped Okawaru.
Okawaru was aware of your devotion.
You were not hungry.

You visited 1 branch of the dungeon, and saw 4 of its levels.

You collected 180 gold pieces.

Inventory:

Hand weapons
 a - a +0 flail
 f - a +2 quarterstaff of chaos
 s - a +2 whip of pain (weapon)
Armour
 c - a +0 shield (worn)
 d - a +0 cloak (worn)
 l - a +1 scale mail of magic resistance
 p - a +0 helmet (worn)
 u - a +0 plate armour
 z - the +4 robe of Augmentation (worn) {Str+4 Int+4 Dex+4}
   (You took it off an orc on level 4 of the Dungeon)

   It affects your strength (+4).
   It affects your intelligence (+4).
   It affects your dexterity (+4).
Jewellery
 j - a ring of protection from fire (left hand)
Magical devices
 w - a wand of digging (12)
Scrolls
 h - a scroll of blinking
 k - 2 scrolls of remove curse
 n - 2 scrolls of recharging
 x - a scroll of magic mapping {unknown}
 y - a scroll of enchant armour {unknown}
Potions
 b - a potion of cancellation
 g - a potion of lignification {unknown}
 i - a potion of brilliance
 m - 2 potions of flight
 o - a potion of poison
 r - a potion of ambrosia
Comestibles
 e - 2 bread rations
 t - a slice of pizza
 v - a meat ration


   Skills:
 * Level 4.5 Fighting
 * Level 3.5 Maces & Flails
 * Level 4.3 Armour
 + Level 1.4 Dodging
 + Level 4.7 Shields


You had 5 spell levels left.
You didn't know any spells.

Dungeon Overview and Level Annotations

Branches:
Dungeon (4/15)
 Temple: D:4-7

Altars:
Okawaru
Ru
Trog

Annotations:
D:3 Sigmund


Innate Abilities, Weirdness & Mutations

You are resistant to torment.
Your stone body is resilient (AC +4).
You are immune to poison.
You resist negative energy.
You are resistant to electric shocks.
You can survive without breathing.
You are immune to petrification.
You are immune to rotting.


Message History

The moth of wrath bites you!! The moth of wrath infuriates you!
A red film seems to cover your vision as you go berserk!
You feel yourself moving faster!
You feel mighty!
You barely miss the moth of wrath.
The moth of wrath is lightly wounded.
You barely miss the moth of wrath.
The moth of wrath is lightly wounded.
The moth of wrath bites you!
* * * LOW HITPOINT WARNING * * *
Your shield prevents you from hitting the moth of wrath.
The moth of wrath is lightly wounded.
You block the moth of wrath's attack.
You whack the moth of wrath!
The moth of wrath is lightly wounded.
The moth of wrath bites you!
* * * LOW HITPOINT WARNING * * *
You completely miss the moth of wrath.
The moth of wrath is lightly wounded.
The moth of wrath bites you.
You die...

########.#.#
.####....##....#
#.#)......###..#
#.........#..##########
##....#....#####.......#
#.)..###...#####.......#
#.._...#....††.........#
#....#y#...#####........
#)...#@...# #.......#
#.).......# #......)#
##.......## #.......#
###....## #########
######


You could see a moth of wrath.

Vanquished Creatures
  An orc priest (D:4)
  Crazy Yiuf (D:2)
  An orc wizard (D:4)
  A worker ant (D:4)
  3 gnolls (D:4)
  Robin (D:2)
  3 adders
  3 worms
  5 giant geckos
  6 orcs (D:4)
  2 ball pythons
  6 bats
  3 giant cockroaches
  20 goblins
  12 hobgoblins
  A quokka (D:2)
  3 giant newts
  7 jackals
  4 kobolds
  11 rats
94 creatures vanquished.

Notes
Turn   | Place    | Note
--------------------------------------------------------------
     0 | D:1      | pulse the Gargoyle Fighter began the quest for the Orb.
     0 | D:1      | Reached XP level 1. HP: 14/14 MP: 1/1
    94 | D:1      | Reached XP level 2. HP: 19/19 MP: 2/2
   334 | D:1      | Reached XP level 3. HP: 24/24 MP: 3/3
   658 | D:2      | Reached skill level 4 in Shields
   698 | D:2      | Noticed Robin
   886 | D:2      | Reached XP level 4. HP: 29/29 MP: 4/4
   893 | D:2      | Killed Robin
  1044 | D:2      | Reached skill level 1 in Dodging
  1295 | D:2      | Noticed Crazy Yiuf
  1303 | D:2      | Killed Crazy Yiuf
  1303 | D:2      | Reached XP level 5. HP: 33/33 MP: 5/5
  1510 | D:3      | Found a faded altar to an unknown god.
  1542 | D:3      | Became a worshipper of Warmaster Okawaru
  1542 | D:3      | Acquired Okawaru's first power
  1611 | D:3      | Noticed Sigmund
  2062 | D:4      | Reached XP level 6. HP: 17/39 MP: 6/6
  2555 | D:4      | Found a sacrificial altar of Ru.
  2664 | D:4      | Noticed a moth of wrath
  2667 | D:4      | Found a bloodstained altar of Trog.
  2821 | D:4      | Slain by a moth of wrath

Vault maps used:
D:1:      dpeg_arrival_pond, kennysheep_boxes
D:2:      uniq_robin, uniq_crazy_yiuf_cottage
D:3:      nicolae_overflow_crystal_walls, overflow_temple_1_default,
          ecumenical_altar_1, uniq_sigmund
D:4:      tgw_trog, overflow_temple_1_default, first_bread

Action                   |  1- 3 |  4- 6 || total
-------------------------+-------+-------++-------
Melee: Flail             |   136 |   127 ||   263
       Whip              |       |   141 ||   141
Evoke: Wand              |       |     1 ||     1
  Use: Potion            |     1 |     3 ||     4
       Scroll            |       |    10 ||    10
  Eat: Meat ration       |       |     1 ||     1
       Chunk             |       |     1 ||     1
       Beef jerky        |       |     1 ||     1
